 Seeded DCSS version 0.30-a0-924-g0ad0bf95bc (webtiles) character file.

Game seed: 2609310759608959895 (custom seed)

161 Mickster the Conjurer (level 4, 0/29 (34) HPs)
             Began as a Demigod Conjurer on Mar 23, 2023.
             Slain by an orc wizard
             ... wielding a +0 dagger
              (2 damage)
             ... on level 4 of the Dungeon.
             The game lasted 00:37:48 (3529 turns).

Mickster the Conjurer (Demigod Conjurer)            Turns: 3529, Time: 00:37:54

HP:   0/29 (34)     AC:  2    Str:  8    XL:     4   Next: 97%
MP:   9/10          EV: 12    Int: 24    God:
Gold: 210           SH:  0    Dex: 12    Spells: 4/8 levels left

rFire   . . .      SeeInvis .    l - +2 falchion
rCold   . . .      Faith    .    (no shield)
rNeg    . . .      Spirit   .    a - +0 robe
rPois   .          Reflect  .    (no helmet)
rElec   .          Rampage  .    (no cloak)
rCorr   .                        (no gloves)
Will    .....                    (no boots)
Stlth   ++                       (no amulet)
HPRegen 0.24/turn                (no ring)
MPRegen 0.12/turn                (no ring)

@: heavily drained, unable to read
A: high MP 1, forlorn, divine attributes, inability to read after injury 1
a: no special abilities


You were on level 4 of the Dungeon.
You visited 1 branch of the dungeon, and saw 4 of its levels.

You collected 292 gold pieces.
You spent 82 gold pieces at shops.

Inventory:

Hand Weapons
 f - a +1 spear
 g - a +0 short sword
 l - a +2 falchion (weapon)
Missiles
 i - 31 stones
 o - 6 javelins (quivered)
Armour
 a - a +0 robe (worn)
 h - a +0 plate armour
 n - a +0 leather armour
Scrolls
 c - 2 scrolls of fog
 j - a scroll of magic mapping {unknown}
 k - a scroll of teleportation
 m - a scroll of identify {unknown}
Potions
 b - a potion of magic
 d - a potion of might {unknown}
 e - 2 potions of cancellation


   Skills:
 + Level 0.5 Fighting
 * Level 0.6 Long Blades
 - Level 0.6 Polearms
 + Level 2.2 Dodging
 + Level 2.1 Stealth
 + Level 2.5 Spellcasting
 * Level 4.6 Conjurations
 * Level 1.1 Necromancy


You had 4 spell levels left.
You knew the following spells:

 Your Spells              Type           Power      Damage    Failure   Level
a - Magic Dart            Conj           100%       1d8       1%          1
b - Searing Ray           Conj           50%        2d6       2%          2
c - Kiss of Death         Conj/Necr      64%        2d10      3%          1

Your spell library contained the following spells:

 Spells                   Type           Power      Damage    Failure   Level
 Momentum Strike          Conj/Tloc      28%        3d8       7%          2
 Dazzling Flash           Conj/Hex       28%        N/A       13%         3
 Blink                    Tloc           6%         N/A       17%         2
 Lesser Beckoning         Tloc           6%         N/A       17%         2
 Confusing Touch          Hex            3%         N/A       34%         3
 Fulminant Prism          Conj/Hex       7%         3d7       41%         4
 Iskenderun's Mystic Bla  Conj/Tloc      14%        2d5       41%         4
 Dispel Undead            Necr           8%         3d8       58%         4


Dungeon Overview and Level Annotations

Branches:
Dungeon (4/15)
 Temple: D:4-7

Shops:
D:1 *


Innate Abilities, Weirdness & Mutations

You have an increased reservoir of magic. (+10% MP)
You shall have no god before yourself.
Your divine heritage dramatically boosts your attributes as you level up.
You occasionally lose the ability to read scrolls when taking damage.


Message History

Aiming: Searing Ray (safe; 2% risk of failure)
Press: ? - help, Shift-Dir - straight line, f - orc wizard
Aim: an orc wizard, wielding a +0 dagger and wearing a +0 robe (74% to hit)
The searing ray hits the orc wizard.
The orc wizard is moderately wounded.
The searing ray hits the orc!
You kill the orc! (Press . to maintain the ray.)
The orc shouts!
You hear a shout!
The orc wizard points at you and mumbles some strange words.
You are confused.
An orc priest comes into view. It is wielding a +0 club.
You're too confused to cast spells.
You bump into the rock wall.
The orc priest shouts!
Unknown command.
Unknown command.
You're too confused to move!
The orc wizard hits you with a +0 dagger.
The orc closely misses you.
You're too confused to move!
The orc wizard gestures wildly while chanting.
The orc wizard flickers and vanishes!
Deactivating autopickup; reactivate with Ctrl-A.
The orc hits you with a +0 hand axe!
You closely miss something. Something hits you.
The orc hits you with a +0 hand axe.
You hear some strange, mumbled words.
Something tries to affect you, but you resist.
The orc hits you with a +0 hand axe.
You feel threatened and lose the ability to read scrolls!
You bump into the rock wall.
You feel less confused.
You hit the orc.
The orc is moderately wounded.
The orc priest mumbles some strange prayers to Beogh against you.
Beogh smites you!
* * * LOW HITPOINT WARNING * * *
Something hits you.
You die...

#......# #.. #......# ...
#......# #.# #.#..†.†.#
#)# # ###.#......# #.# .
..#.##...### #o# #
#.#......# #o# #
#.#......#####.# #
#.#..........o@#
###.#......#############.
.........................
###.####################.
...... #.#.### #.#.# .
... # #..


You could see an orc priest and 2 orcs.

Vanquished Creatures
  2 hounds (D:4)
  An iguana (D:3)
  3 adders (D:4)
  A dart slug (D:4)
  An orc (D:4)
  6 endoplasms
  3 giant cockroaches
  2 goblins
  4 hobgoblins
  4 quokkas
  4 ball pythons
  A bat (D:1)
  4 frilled lizards
  5 kobolds
  4 rats
45 creatures vanquished.

Notes
Turn   | Place    | Note
-------+----------+-------------------------------------------
     0 | D:1      | Mickster the Demigod Conjurer began the quest for the Orb.
     0 | D:1      | Reached XP level 1. HP: 14/14 MP: 5/5
    84 | D:1      | Found Xul Lebui's General Store.
   175 | D:1      | Gained mutation: You occasionally lose the ability to read
                  | scrolls when taking damage. [potion of mutation]
   823 | D:1      | Bought a scroll of enchant weapon for 82 gold pieces
   870 | D:2      | Reached XP level 2. HP: 20/20 MP: 5/7
  1036 | D:2      | Learned a level 2 spell: Searing Ray
  1092 | D:2      | Reached skill level 4 in Conjurations
  1265 | D:2      | Learned a level 1 spell: Kiss of Death
  2020 | D:3      | Reached XP level 3. HP: 26/26 MP: 4/8
  3115 | D:4      | Reached XP level 4. HP: 2/25 MP: 8/10
  3289 | D:4      | Reached skill level 1 in Necromancy
  3529 | D:4      | Slain by an orc wizard

Illustrated notes

Levels and vault maps discovered:
D:1:      minmay_arrival_plants_in_alcoves, layout_basic, serial_shops, shop,
          minmay_split_cup_large
D:2:      layout_rooms
D:3:      layout_loops_cross, minitemple, grunt_ministairs_4,
          wander_ebering_terrifying_dragon_lair
D:4:      layout_basic, bloody_makhleb, uniq_duvessa, uniq_blork_the_orc

Skill      XL: |  1  2  3  4 |
---------------+-------------+-----
Dodging        | 2 |  2.2
Conjurations   | 4 |  4.6
Spellcasting   | 2 |  2.5
Stealth        | 2 |  2.1
Necromancy     | 1 |  1.1
Fighting       | |  0.5
Long Blades    | |  0.6
Polearms       | |  0.6

Action                     |  1- 3 |  4- 6 || total
---------------------------+-------+-------++-------
  Melee: Club              |    10 |       ||    10
         Unarmed           |     1 |       ||     1
         Short sword       |     5 |       ||     5
         Falchion          |     8 |     2 ||    10
         Spear             |     7 |       ||     7
   Cast: Magic Dart        |    46 |     6 ||    52
         Searing Ray       |    14 |     2 ||    16
         Kiss of Death     |     3 |     1 ||     4
    Use: Potion            |     6 |     1 ||     7
         Scroll            |     4 |     1 ||     5
   Stab: Sleeping          |     1 |       ||     1
 Armour: Robe              |     5 |     1 ||     6
  Dodge: Dodged            |    31 |     6 ||    37

Table legend: (Time is in decaauts)
 A = Elapsed time spent in this place.
 B = Non-inter-level travel time spent in this place.
 C = Inter-level travel time spent in this place.
 D = Time resting spent in this place.
 E = Time spent auto-exploring this place.
 F = Levels seen in this place.
 G = Mean time per level.
                   A        B        C        D        E       F      G
               +--------+--------+--------+--------+--------+-----+--------+
         Total |   3513 |   3408 |    105 |   1296 |      0 |   4 |  878.2 |
       Dungeon |   3513 |   3408 |    105 |   1296 |      0 |   4 |  878.2 |
               +--------+--------+--------+--------+--------+-----+--------+

Top non-repeatable levels by time:
     D:3: 1297 daAuts
     D:1: 850 daAuts
     D:2: 765 daAuts
     D:4: 600 daAuts
